 Dungeon Crawl Stone Soup version 0.28.0-47-ge53b351184 (webtiles) character file.

Game seed: 241384516339458519

66 mortz the Digger (level 4, 0/28 HPs)
             Began as an Octopode Earth Elementalist on May 6, 2022.
             Slain by an orc wizard
             ... wielding a +1 dagger of venom
              (5 damage)
             ... on level 3 of the Dungeon.
             The game lasted 00:15:52 (2395 turns).

mortz the Digger (Octopode Earth Elementalist)      Turns: 2395, Time: 00:15:53

Health: 0/28       AC:  1    Str:  7    XL:     4   Next: 15%
Magic:  2/7        EV: 13    Int: 19    God:
Gold:   30         SH:  0    Dex: 12    Spells: 5/8 levels left

rFire   . . .      SeeInvis .   i - +1 short sword (speed) {short}
rCold   . . .      Faith    .   (no shield)
rNeg    . . .      Spirit   .   (helmet restricted)
rPois   .          Reflect  .   (no amulet)
rElec   .          Harm     .   (no ring)
rCorr   .          Rampage  .   (no ring)
Will    .....                   (no ring)
Stlth   +++.......              (no ring)
HPRegen 0.09/turn               (no ring)
MPRegen 0.10/turn               (no ring)
                                (no ring)
                                (no ring)

@: lethally poisoned (0 -> -11)
A: almost no armour, amphibious, 8 rings, camouflage 1, gelatinous body 1,
(nimble swimmer 1), tentacles
a: no special abilities


You were on level 3 of the Dungeon.
You visited 1 branch of the dungeon, and saw 3 of its levels.

You collected 138 gold pieces.
You spent 108 gold pieces at shops.


Innate Abilities, Weirdness & Mutations

You cannot wear most types of armour.
You are amphibious.
You can wear up to eight rings at the same time.
Your skin changes colour to match your surroundings (Stealth+).
Your rubbery body absorbs attacks. (AC +1, EV +1)
((You are camouflaged when in or above water. (Stealth+)))
You have tentacles for arms and can constrict up to eight enemies at once.


   Skills:
 + Level 1.0 Fighting
 + Level 0.2 Short Blades
 + Level 0.3 Axes
 + Level 2.1 Dodging
 + Level 3.1 Stealth
 + Level 2.5 Spellcasting
 + Level 1.0 Transmutations
 + Level 3.9 Earth Magic


You had 5 spell levels left.
You knew the following spells:

 Your Spells              Type           Power      Damage    Failure   Level
a - Sandblast             Erth           34%        2d9       3%          1
b - Passwall              Tmut/Erth      9%         N/A       9%          2

Your spell library contained the following spells:

 Spells                   Type           Power      Damage    Failure   Level
 Stone Arrow              Conj/Erth      18%        3d8       22%         3
 Petrify                  Tmut/Erth      11%        N/A       50%         4

Inventory:

Hand Weapons
 d - a +0 hand axe {axe}
   (You found it on level 1 of the Dungeon)
 f - a +0 club {mace}
   (You took it off a goblin on level 1 of the Dungeon)
 i - a +1 short sword of speed (weapon) {short}
   (You took it off a kobold on level 1 of the Dungeon)
 l - a +0 hunting sling {sling}
   (You found it on level 3 of the Dungeon)
 m - a +0 falchion {long}
   (You found it on level 2 of the Dungeon)
 o - a +0 war axe {axe}
   (You took it off an orc on level 3 of the Dungeon)
Missiles
 b - 81 stones {throwing}
Scrolls
 e - a scroll of immolation {unknown}
 g - a scroll of enchant armour {unknown}
 j - a scroll of magic mapping {unknown}
 n - 4 scrolls of noise {unknown}
Potions
 a - 2 potions of might
 c - 2 potions of ambrosia
 h - a potion of lignification {unknown}
 k - 2 potions of curing {@q1}

Dungeon Overview and Level Annotations

Branches:
Dungeon (3/15)

Altars:
Qazlal

Shops:
D:3 [=?!

####### ......##
.≈^.(§§#############
.^≈#≈≈........)....#
..##§.###..#..∩..#.#
..^#.≈###..#.....#.#
.^≈≈≈^.....#####{#.##############
_......##.## #@#o.....g........
..§.^.###.# ##.#########.######
.≈§##≈# #†# #..# #.# ...≈≈.# #.#
###.####### #.# .≈#§§≈# #.#
#..>....... ..# .≈≈§§####.#
#.#.####### ...
§#..§...#.###[#.###### ....
..§§###................


og.. ....#####)###.#.#######.o.o.# There were no monsters in sight!


Message History

There is a stone staircase leading down here.
You start resting. 😎 HP[+8]
Your hp is fully restored (28).
You climb downwards.
There is a stone staircase leading up here.
You hit the orc. You grab the orc. You squeeze the orc.
You kill the orc!
You see here a +0 club {mace}.
Things that are here:
a +0 leather armour; a +0 war axe {axe}
o - a +0 war axe {axe}
Things that are here:
a +0 club {mace}; an orc skeleton
Aiming: Sandblast (safe; 3% risk of failure)
Press: ? - help, Q - select action, (/) - cycle Shift-Dir - straight line, f - orc wizard
Aim: an orc wizard, wielding a +1 dagger of venom and wearing a +0 robe (wandering, hasn't noticed you, 74% to hit)
The blast of sand hits the orc wizard.
The orc wizard shouts!
The orc wizard points at you and mumbles some strange words.
You resist with some effort. 😎 MP[-1]
You lost 1 mp, and now have 6/7 mp.
Aiming: Sandblast (safe; 3% risk of failure)
Press: ? - help, Q - select action, (/) - cycle Shift-Dir - straight line, f/p - orc wizard
Aim: an orc wizard, wielding a +1 dagger of venom and wearing a +0 robe (moderately wounded, 74% to hit)
The blast of sand hits the orc wizard.
The orc wizard mumbles some strange words.
The orc wizard flickers and vanishes!
Deactivating autopickup; reactivate with Ctrl-A. 😎 MP[-1]
You lost 1 mp, and now have 5/7 mp.
Aiming: Sandblast (safe; 3% risk of failure)
Press: ? - help, Q - select action, (/) - cycle Shift-Dir - straight line, f - you
Okay, then.
Casting: Sandblast (safe; 3% risk of failure)
Confirm with . or Enter, or press ? or * to list all spells.
Aiming: Sandblast (safe; 3% risk of failure)
Press: ? - help, Shift-Dir - straight line The blast of sand hits something but does no damage. 😎 MP[-1]
You lost 1 mp, and now have 4/7 mp.
Casting: Sandblast (safe; 3% risk of failure)
Confirm with . or Enter, or press ? or * to list all spells.
Aiming: Sandblast (safe; 3% risk of failure)
Press: ? - help, Shift-Dir - straight line 😎 MP[-1]
You lost 1 mp, and now have 3/7 mp.
You barely miss something. Your squeeze misses something.
You hit something but do no damage.
You hear some strange, mumbled words.
Something tries to affect you, but you resist.
You hit something. Something hits you. 😕 HP[-1]
You take 1 damage, and now have 27/28 hp.
You miss something. You squeeze something. Something hits you.
You are poisoned. 😕 HP[-4]
You take 4 damage, and now have 23/28 hp.
You closely miss something.
You feel sick. Something hits you.
You are lethally poisoned! 😮 HP[-7]
You take 7 damage, and now have 16/28 hp.
MASSIVE DAMAGE!! (PAUSE)
You miss something.
* * * LOW HITPOINT WARNING * * *
You feel very sick. 😨 HP[-4]
You take 4 damage, and now have 12/28 hp.
You closely miss something. Your squeeze misses something.
* * * LOW HITPOINT WARNING * * *
You feel sick.
You hear some strange, mumbled words.
You are confused. 😨 HP[-2]
You take 2 damage, and now have 10/28 hp.
You feel better. Something hits you.
You are poisoned. 😮 HP[+5] MP[+1]
You regained 5 hp, and now have 15/28 hp.
Casting: Sandblast (safe; 3% risk of failure)
Confirm with . or Enter, or press ? or * to list all spells.
Aiming: Sandblast (safe; 3% risk of failure)
Press: ? - help, Shift-Dir - straight line You feel sick.
Something hits you.
* * * LOW HITPOINT WARNING * * *
You are lethally poisoned! 😨 HP[-7] MP[-1]
You take 7 damage, and now have 8/28 hp.
MASSIVE DAMAGE!! (PAUSE)
You lost 1 mp, and now have 3/7 mp.
Casting: Sandblast (safe; 3% risk of failure)
Confirm with . or Enter, or press ? or * to list all spells.
Aiming: Sandblast (safe; 3% risk of failure)
Press: ? - help, Shift-Dir - straight line The blast of sand hits something.
* * * LOW HITPOINT WARNING * * *
You feel very sick. Something hits you.
You die...

Skill      XL: |  1  2  3 |
---------------+----------+-----
Stealth        | 3 |  3.1
Fighting       | 1 |  1.0
Short Blades   | |  0.2
Axes           | |  0.3
Dodging        | |  2.1
Spellcasting   | |  2.5
Transmutations | |  1.0
Earth Magic    | |  3.9

Action                   |  1- 3 |  4- 6 || total
-------------------------+-------+-------++-------
Melee: Hand axe          |    13 |       ||    13
       Constrict         |    17 |     3 ||    20
       Short sword       |    47 |    18 ||    65
       Tentacles         |     9 |     5 ||    14
 Cast: Sandblast         |    25 |     6 ||    31
  Use: Scroll            |     2 |       ||     2
       Potion            |       |     1 ||     1
 Stab: Sleeping          |     7 |       ||     7
       Distracted        |     1 |       ||     1
Armor: Skin              |     1 |       ||     1
Dodge: Dodged            |    24 |     3 ||    27

Levels and vault maps discovered:
D:1:      ncdulo_wetmaze, layout_rooms, shapermc_ecumenical_altar_gd
D:2:      layout_basic, serial_glass, glass_columns_a, glass_columns_a,
          minmay_gold_behind_fungi, serial_bayou_lagoon_a
D:3:      layout_loops_ring, grunt_qazlal_sundering, serial_shops,
          nicolae_shop_temple_entry_statues_fountains, shop_scrolls,
          nicolae_shop_temple_entry_statues_fountains, nicolae_shop_hallway_plus

Notes
Turn   | Place    | Note
-------+----------+-------------------------------------------
     0 | D:1      | mortz the Octopode Earth Elementalist began the quest for
                  | the Orb.
     0 | D:1      | Reached XP level 1. HP: 11/11 MP: 3/3
     0 | D:1      | magus.rc [v1.9.6]
   318 | D:1      | Reached XP level 2. HP: 17/17 MP: 0/5
   654 | D:1      | Found a faded altar of an unknown god.
  1325 | D:2      | Reached XP level 3. HP: 20/22 MP: 3/6
  1757 | D:2      | Learned a level 2 spell: Passwall
  1773 | D:3      | Reached skill level 3 in Stealth
  1781 | D:3      | Found Ulique's Distillery.
  1799 | D:3      | Bought a potion of curing for 36 gold pieces
  1799 | D:3      | Bought a potion of degeneration for 12 gold pieces
  1802 | D:3      | Bought a potion of curing for 36 gold pieces
  1847 | D:3      | Found Wonnosuo's Jewellery Boutique.
  1853 | D:3      | Reached skill level 1 in Fighting
  1892 | D:3      | Found Baxtie's Antique Armour Emporium.
  1931 | D:3      | Found a stormy altar of Qazlal.
  1971 | D:3      | Found Ydeir's Magic Scroll Boutique.
  1985 | D:3      | Bought a scroll of identify for 24 gold pieces
  2135 | D:3      | Reached XP level 4. HP: 28/28 MP: 5/7
  2395 | D:3      | HP: 5/28 [poisoned by an orc wizard]
  2395 | D:3      | Slain by an orc wizard

Vanquished Creatures
  An adder (D:2)
  A white imp (D:3)
  A worm (D:2)
  4 orcs (D:3)
  2 bats (D:2)
  5 endoplasms
  2 giant cockroaches
  2 goblins
  5 hobgoblins
  4 kobolds
  3 quokkas
  4 ball pythons
  3 frilled lizards
  5 rats
42 creatures vanquished.

Vanquished Creatures (others)
  A demonic plant (D:1)
  6 fungi
  5 toadstools (D:2)
  A withered plant (D:1)
13 creatures vanquished.

Grand Total: 55 creatures vanquished

Table legend:
 A = Non-vault XP
 B = Vault XP
 C = Vault XP percentage of total XP
 D = Non-vault monster count
 E = Vault monster count
 F = Vault count percentage of total count
                 A         B        C        D         E       F
            +---------+---------+-------+---------+---------+-------
      Total |      95 |       0 |   0.0 |      42 |       0 |   0.0
            +---------+---------+-------+---------+---------+-------
        D:1 |      26 |       0 |   0.0 |      16 |       0 |   0.0
        D:2 |      39 |       0 |   0.0 |      16 |       0 |   0.0
        D:3 |      30 |       0 |   0.0 |      10 |       0 |   0.0
            +---------+---------+-------+---------+---------+-------

Illustrated notes

Table legend:
 A = Kills in this place as a percentage of kills in entire the game.
 B = Kills by you in this place as a percentage of kills by you in the entire game.
 C = Kills by friends in this place as a percentage of kills by friends in the entire game.
 D = Other kills in this place as a percentage of other kills in the entire game.
 E = Experience gained in this place as a percentage of experience gained in the entire game.
 F = Experience gained in this place divided by the number of levels of this place that you have seen.
                   A       B       C       D       E      F
               +-------+-------+-------+-------+-------+----------------------
         Total | 100.0 | 100.0 |   N/A |   N/A | 100.0 |  31.7
       Dungeon | 100.0 | 100.0 |   N/A |   N/A | 100.0 |  31.7
               +-------+-------+-------+-------+-------+----------------------

Table legend: (Time is in decaauts)
 A = Elapsed time spent in this place.
 B = Non-inter-level travel time spent in this place.
 C = Inter-level travel time spent in this place.
 D = Time resting spent in this place.
 E = Time spent auto-exploring this place.
 F = Levels seen in this place.
 G = Mean time per level.
                   A        B        C        D        E       F      G
               +--------+--------+--------+--------+--------+-----+--------+
         Total |   2381 |   2363 |     18 |    386 |   1449 |   3 |  793.7 |
       Dungeon |   2381 |   2363 |     18 |    386 |   1449 |   3 |  793.7 |
               +--------+--------+--------+--------+--------+-----+--------+

Top non-repeatable levels by time:
     D:1: 1036 daAuts
     D:2: 796 daAuts
     D:3: 548 daAuts
